 Dungeon Crawl Stone Soup version 0.21-a0-186-g02e8684 (webtiles) character file.

235 wolfsongas the Twirler (level 5, -1/38 HPs)
             Began as a Demonspawn Gladiator on Aug 13, 2017.
             Was a Follower of Cheibriados.
             Killed by divine providence
             ... invoked by an orc priest
              (11 damage)
             ... on level 3 of the Dungeon.
             The game lasted 00:06:40 (2972 turns).

wolfsongas the Twirler (Demonspawn Gladiator)       Turns: 2972, Time: 00:06:41

Health: -1/38      AC: 12    Str: 16 (17) XL:     5   Next: 76%
Magic:  0/5        EV:  4    Int: 10 (11) God:    Cheibriados [*.....]
Gold:   149        SH:  9    Dex: 16 (17) Spells: 4/4 levels left

rFire    . . .     SeeInvis .   m - +2 spear (venom)
rCold    . . .     Gourm    +   u - +2 shield
rNeg     . . .     Faith    .   j - +0 chain mail (curse)
rPois    .         Spirit   +   c - +0 helmet
rElec    .         Reflect  .   (no cloak)
rCorr    .         Harm     .   k - +0 pair of gloves
MR       .....                  (no boots)
Stlth    ..........             n - amulet of the gourmand
HPRegen  0.12/turn              (no ring)
MPRegen  0.09/turn              (no ring)

@: very slow
A: yellow scales 1, magic shield, rot immunity
a: Bend Time, Renounce Religion


You were on level 3 of the Dungeon.
You worshipped Cheibriados.
Cheibriados was aware of your devotion.
You were completely stuffed.

You visited 1 branch of the dungeon, and saw 3 of its levels.

You collected 149 gold pieces.

Inventory:

Hand Weapons
 a - a +0 quarterstaff
 m - a +2 spear of venom (weapon)
Missiles
 d - 3 throwing nets (quivered)
 p - 5 exploding tomahawks
Armour
 b - a +0 leather armour
 c - a +0 helmet (worn)
 j - a cursed +0 chain mail (worn)
 k - a +0 pair of gloves (worn)
 t - a +3 ring mail
 u - a +2 shield (worn)
Jewellery
 n - an amulet of the gourmand (around neck)
Wands
 e - a wand of disintegration (10/24)
Scrolls
 i - a scroll of teleportation
 o - 2 scrolls of recharging
Potions
 l - 2 potions of curing
 r - a potion of haste
 s - 2 potions of berserk rage
Comestibles
 f - 2 bread rations
 h - 6 royal jellies
 q - a meat ration


   Skills:
 - Level 2.0 Fighting
 * Level 2.0(4.0) Polearms
 - Level 5.4(5.6) Staves
 - Level 1.7 Throwing
 - Level 2.6 Dodging


You had 4 spell levels left.
You didn't know any spells.

Dungeon Overview and Level Annotations

Branches:
Dungeon (3/15)

Altars:
Cheibriados


Innate Abilities, Weirdness & Mutations

You are partially covered in yellow scales. (AC +2)
When hurt, damage is shared between your health and your magic reserves.
You are immune to rotting.


Message History

The orc hits you with a whip.
* * * LOW HITPOINT WARNING * * *
You hit the orc but do no damage.
The orc priest casts a cantrip, but nothing happens.
The orc splashes around in the water.
The orc hits you but does no damage.
You hit the orc.
The orc is poisoned.
The orc is lightly wounded.
You block the orc's attack. The orc barely misses you.
You hit the orc but do no damage.
The orc is heavily wounded.
You block the orc's attack. The orc hits you but does no damage.
You barely miss the orc.
The orc is heavily wounded.
You block the orc's attack. The orc hits you but does no damage.
Your shield and chain mail prevent you from hitting the orc.
The orc is heavily wounded.
The orc splashes around in the water.
The orc priest invokes the aid of Beogh against you.
Beogh smites you!
You die...

###### ....... #...
.#####.....#### #.##
.≈≈.≈≈....≈.≈≈# #.##
..≈..≈..≈≈.≈≈≈# #.##
.≈.≈≈≈≈≈≈≈≈≈≈.# #...
.≈≈≈≈≈≈≈≈≈≈≈.≈# ####
...≈≈≈≈≈≈≈≈ooo# #
..≈≈≈≈..≈≈≈≈@.# #
$≈.≈≈≈._.≈≈≈..# #
#≈≈≈≈≈...≈≈≈..## #
#.≈≈≈≈≈≈≈≈≈≈≈≈......
#
#≈≈≈≈≈≈≈≈≈≈≈≈≈######
#≈(≈≈≈≈≈≈≈≈≈≈≈#
#.≈≈......≈.≈.#
#.≈.≈..≈≈.≈...#
#####.##†######


You could see an orc priest and 2 orcs.

Vanquished Creatures
  The ghost of tehllama the Insei, a weakling OpTm (D:3)
  Jessica (D:2)
  Natasha (thrice) (D:2)
  4 adders
  A worm (D:2)
  2 dart slugs
  2 orcs (D:3)
  14 bats
  3 giant cockroaches
  5 goblins
  5 hobgoblins
  6 jackals
  2 ball pythons
  3 frilled lizards
  3 kobolds
  4 rats
59 creatures vanquished.

Notes
Turn   | Place    | Note
-------+----------+-------------------------------------------
     0 | D:1      | wolfsongas the Demonspawn Gladiator began the quest for the Orb.
     0 | D:1      | Reached XP level 1. HP: 16/16 MP: 1/1
   300 | D:1      | Reached skill level 3 in Staves
   321 | D:1      | Gained mutation: You are partially covered in yellow scales. (AC +2) [demonic ancestry]
   321 | D:1      | Reached XP level 2. HP: 18/22 MP: 2/2
   917 | D:2      | Noticed Natasha
   926 | D:2      | Killed Natasha
   926 | D:2      | Reached skill level 4 in Staves
   926 | D:2      | Reached XP level 3. HP: 19/27 MP: 3/3
  1023 | D:2      | Noticed Jessica
  1028 | D:2      | Killed Jessica
  1028 | D:2      | Gained mutation: When hurt, damage is shared between your health and your magic reserves. [demonic ancestry]
  1028 | D:2      | Reached XP level 4. HP: 29/33 MP: 4/4
  1417 | D:2      | Noticed Natasha
  1422 | D:2      | Killed Natasha
  1422 | D:2      | Reached skill level 5 in Staves
  1450 | D:2      | Noticed Natasha
  1455 | D:2      | Killed Natasha
  1455 | D:2      | Gained mutation: You are immune to rotting. [demonic ancestry]
  1455 | D:2      | Reached XP level 5. HP: 11/38 MP: 2/5
  2757 | D:3      | Noticed tehllama's ghost (weakling OpTm)
  2768 | D:3      | Killed tehllama's ghost
  2768 | D:3      | Reached skill level 1 in Polearms
  2944 | D:3      | Found a faded altar of an unknown god.
  2953 | D:3      | Became a worshipper of Cheibriados the Contemplative
  2953 | D:3      | Reached * piety under Cheibriados
  2972 | D:3      | Killed from afar by an orc priest

Vault maps used:
D:1:      ncdulo_lavacross
D:2:      uniq_jessica, uniq_natasha
D:3:      gammafunk_temple_overflow_wave, chequers_ecumenical_altar_island

Skill      XL: |  1  2  3  4  5 |
---------------+----------------+-----
Staves         | 3 4 5 |  5.4
Polearms       | 2 |  2.0
Fighting       | |  2.0
Throwing       | |  1.7
Dodging        | |  2.6

Action                   |  1- 3 |  4- 6 || total
-------------------------+-------+-------++-------
Melee: Quarterstaff      |    45 |    58 ||   103
       Spear             |       |    82 ||    82
  Use: Scroll            |       |     5 ||     5
       Potion            |       |     5 ||     5
  Eat: Chunk             |       |    22 ||    22
Armor: Leather armour    |    25 |    41 ||    66
       Chain mail        |       |    45 ||    45
Dodge: Dodged            |    39 |    77 ||   116
Block: Shield            |       |     8 ||     8
